 Dungeon Crawl Stone Soup version 0.30.1 (webtiles) character file.

Game seed: 11975411461012116868

195863 spardeous the Earth Mage (level 17, -10/101 HPs)
             Began as a Felid Earth Elementalist on July 12, 2023.
             Was an Initiate of Gozag.
             Mangled by a +2 morningstar of protection (19 damage)
             ... on level 2 of the Elven Halls on July 13, 2023.
             The game lasted 02:56:45 (73624 turns).

spardeous the Earth Mage (FeEE)                    Turns: 73624, Time: 02:56:47

Health: -10/101    AC: 29    Str:  7    XL:     17   Next: 32%
Magic:  17/43      EV: 29    Int: 29    God:    Gozag
Gold:   1479       SH:  5    Dex: 18    Spells: 1/40 levels left
                                        Lives:  0   Deaths: 2

rFire   + .          .
                       - Unarmed
rCold   + . .        (shield unavailable)
rNeg    + . .        (body armour unavailable)
rPois   ∞            (helmet unavailable)
rElec   +            (cloak unavailable)
rCorr   .            (gloves unavailable)
SInv    +            (boots unavailable)
Will    ++...        l - amulet of reflection
Stlth   +++          B - +6 ring of intelligence
HPRegen 0.36/turn    W - ring "Loshrik" {Fly rF+ rC+ MP+9 Str+3}
MPRegen 0.28/turn

%: reflection
@: statue-form, liquefying, forested, gold aura, flying, hasted, slowed
movement, very slow
A: slow and powerful, torment resistance 1, boosted hp, very small, claws 1,
fangs 3, see invisible, (speed 1), (shaggy fur 3), stealthy paws, no weapons or
thrown items, no armour, multi-lived, (iridescent scales 1), electricity
resistance, MP-powered wands
}: 2/15 runes: decaying, serpentine
a: End Transformation, Renounce Religion, Potion Petition, Call Merchant, Bribe
Branch


You were on level 2 of the Elven Halls.
You worshipped Gozag.
Gozag was most pleased with you.
You were a living statue of rough stone.
You visited 8 branches of the dungeon, and saw 34 of its levels.
You also visited: Volcano.

You collected 15462 gold pieces.
You spent 5926 gold pieces at shops.
You paid 8057 gold pieces to Gozag.

Inventory:

Jewellery
 j - an amulet of guardian spirit
 l - an amulet of reflection (around neck)
 o - a ring of flight
 v - a ring of positive energy
 B - a +6 ring of intelligence (left paw)
 L - a +5 ring of evasion
 U - a ring of protection from fire
 W - the ring "Loshrik" (right paw) {Fly rF+ rC+ MP+9 Str+3}
   (You bought it in a shop on level 1 of the Lair of Beasts)

   [ring of flight]

   Str:       It affects your strength (+3).
   rF:        It protects you from fire.
   rC:        It protects you from cold.
   MP:        It affects your magic capacity (+9).
   Fly:       It grants you flight.
 X - an amulet of regeneration
 Y - the ring "Emiyxaugaa" {Contam rC+++ Will++ AC+4 SInv}
   (You found it on level 1 of the Vaults)

   [ring of protection]

   AC:        It affects your AC (+4).
   rC:        It renders you almost immune to cold.
   SInv:      It lets you see invisible.
   Contam:    It causes magical contamination when unequipped.
   Will:      It greatly increases your willpower.
Wands
 m - a wand of charming (29)
 u - a wand of mindburst (18)
 x - a wand of flame (40)
 H - a wand of digging (8)
 J - a wand of roots (8)
 V - a wand of acid (13)
Scrolls
 a - 10 scrolls of identify
 c - 9 scrolls of fear
 e - 9 scrolls of vulnerability
 g - 14 scrolls of poison
 k - 3 scrolls of silence
 n - 5 scrolls of blinking
 p - 4 scrolls of magic mapping
 q - 3 scrolls of fog
 y - a scroll of brand weapon
 z - a scroll of summoning
 C - 10 scrolls of teleportation
 G - 2 scrolls of enchant weapon
 N - 3 scrolls of amnesia
 O - 2 scrolls of enchant armour
 Q - 2 scrolls of noise
 R - a scroll of torment
Potions
 b - 6 potions of brilliance
 d - 9 potions of curing
 f - a potion of might
 h - 6 potions of attraction
 i - 2 potions of haste
 r - 3 potions of ambrosia
 s - 5 potions of invisibility
 t - a potion of cancellation
 w - 6 potions of flight
 A - 2 potions of mutation
 F - 2 potions of magic
 I - a potion of berserk rage
 K - a potion of resistance
 P - a potion of heal wounds
 S - 3 potions of lignification
Miscellaneous
 E - a lightning rod (4/4)


   Skills:
 + Level 10.8 Fighting
 - Level 16.0 Dodging
 - Level 5.5 Stealth
 - Level 10.1 Unarmed Combat
 - Level 12.0 Spellcasting
 - Level 10.0 Conjurations
 - Level 1.9 Hexes
 - Level 8.0 Summonings
 - Level 7.4 Necromancy
 - Level 6.0 Translocations
 - Level 12.8 Transmutations
 - Level 17.5 Earth Magic


You had one spell level left.
You knew the following spells:

 Your Spells              Type           Power      Damage    Failure   Level
a - Sandblast             Erth           100%       2d20      0%          1
b - Stone Arrow           Conj/Erth      100%       3d13      1%          3
c - Petrify               Tmut/Erth      81%        N/A       1%          4
d - Storm Form            Tmut/Air       26%        N/A       88%         7
e - Statue Form           Tmut/Erth      54%        N/A       1%          6
f - Necrotise             Necr           100%       1d9       1%          1
g - Leda's Liquefaction   Hex/Erth       32%        N/A       1%          4
h - Summon Forest         Summ/Tloc      27%        N/A       4%          5
i - Metabolic Englaciati  Hex/Ice        11%        N/A       50%         5
j - Swiftness             Air            17%        N/A       9%          3

Your spell library contained the following spells:

 Spells                   Type           Power      Damage    Failure   Level
 Apportation              Tloc           100%       N/A       1%          1
 Foxfire                  Conj/Fire      100%       2x1d9     1%          1
 Magic Dart               Conj           100%       1d8       1%          1
 Shock                    Conj/Air       100%       1d9       1%          1
 Sting                    Tmut/Pois      100%       1d8       1%          1
 Summon Small Mammal      Summ           100%       N/A       1%          1
 Passwall                 Tmut/Erth      67%        N/A       0%          2
 Blink                    Tloc           100%       N/A       1%          2
 Call Imp                 Summ           100%       N/A       1%          2
 Lesser Beckoning         Tloc           100%       N/A       1%          2
 Momentum Strike          Conj/Tloc      100%       3d10      1%          2
 Searing Ray              Conj           100%       2d8       1%          2
 Wereblood                Tmut           75%        N/A       1%          2
 Call Canine Familiar     Summ           59%        N/A       1%          3
 Ignite Poison            Fire/Tmut/Pois 42%        N/A       1%          3
 Spider Form              Tmut/Pois      53%        N/A       1%          3
 Blade Hands              Tmut           37%        N/A       1%          5
 Irradiate                Conj/Tmut      35%        3d23      1%          5
 Iskenderun's Battlesphe  Conj           66%        2d12      1%          5
 Mephitic Cloud           Conj/Pois/Air  36%        N/A       2%          3
 Ice Form                 Ice/Tmut       53%        N/A       2%          4
 Ensorcelled Hibernation  Hex/Ice        46%        N/A       3%          2
 Poisonous Vapours        Pois/Air       34%        N/A       4%          2
 Scorch                   Fire           34%        2d6       4%          2
 Tukima's Dance           Hex            28%        N/A       4%          3
 Anguish                  Hex/Necr       22%        N/A       4%          4
 Yara's Violent Unravell  Hex/Tmut       28%        3d12      4%          5
 Summon Lightning Spire   Summ/Air       40%        N/A       6%          4
 Fireball                 Conj/Fire      23%        3d11      11%         5
 Olgreb's Toxic Radiance  Pois           17%        N/A       30%         4
 Eringya's Noxious Bog    Tmut/Pois      26%        N/A       32%         6
 Orb of Destruction       Conj           33%        9d10      38%         7
 Conjure Ball Lightning   Conj/Air       23%        3x3d6     52%         6
 Starburst                Conj/Fire      23%        6d8       52%         6
 Monstrous Menagerie      Summ           29%        N/A       67%         7
 Summon Hydra             Summ           29%        N/A       67%         7
 Shatter                  Erth           44%        3d34*     92%         9
 Necromutation            Tmut/Necr      33%        N/A       97%         8
 Plasma Beam              Fire/Air       8%         2x1d21    99%         6
 Maxwell's Capacitive Co  Air            8%         ∞         100%        8
 Portal Projectile        Hex/Tloc       Unusable   N/A       N/A         3

Dungeon Overview and Level Annotations

Branches:
Dungeon (15/15)            Temple (1/1) D:6            Lair (5/5) D:11
  Swamp (4/4) Lair:2        Snake (4/4) Lair:3        Slime (0/5) Lair:4
    Orc (2/2) D:11            Elf (2/3) Orc:2        Vaults (1/5) D:13
 Depths (0/4) D:15        Volcano (visited)

Altars:
Ashenzari
Cheibriados
Dithmenos
Elyvilon
Fedhas
Gozag
Hepliaklqana
Kikubaaqudgha
Makhleb
Nemelex Xobeh
Okawaru
Qazlal
Ru
Sif Muna
Trog
Uskayaw
Vehumet
Wu Jian
Xom
Yredelemnul
Zin
The Shining One
Jiyva

Shops:
D:3 =   D:5 :   D:11 (**   Orc:1 =   Orc:2 =*[!=   Elf:1 ?   Lair:1 =!??:=:
Snake:1 *   Snake:3 =::

Portals:
Pandemonium: Orc:2
Trove: D:14 (give 6 scrolls of blinking)

Annotations:
Lair:4 3 runed translucent doors, Ruwaz's ghost, journeyman SpRe
Lair:5 2 transporters, monsoonserge's ghost, journeyman MeFi


Innate Abilities, Weirdness & Mutations

You are a living statue of rough stone.
Your actions are slow, but your melee attacks are powerful.
You are resistant to unholy torment.
Your maximum health is greatly increased.
You are immune to poison.
You have sharp claws.
You have razor-sharp teeth.
You have supernaturally acute eyesight. (SInv)
((You cover ground quickly. (Speed+)))
((Your thick and shaggy fur keeps you warm. (AC +3, rC+)))
Your paws help you pounce on unaware monsters.
You are incapable of wielding weapons or throwing items.
You cannot wear armour.
You gain extra lives every three experience levels.
((You are partially covered in iridescent scales. (AC +2)))
You are resistant to electric shocks. (rElec)
You expend magic power (3 MP) to strengthen your wands.


Message History

The deep elf knight becomes momentarily stuck in the liquid earth.
Your dryad barely misses the +2 morningstar of protection.
The deep elf knight points at you and mumbles some strange words.
The lance of force hits you.
You are knocked back by the lance of force.
You slam into the tree!
A deep elf knight comes into view. It is wielding a +0 short sword.
Your dryad becomes momentarily stuck in the liquid earth.
Branches wave dangerously above you.
A tree reaches out and hits the deep elf knight!
The forest calms down.
The deep elf knight barely misses your dryad.
The deep elf knight attacks as you move away!
The deep elf knight becomes momentarily stuck in the liquid earth.
The deep elf knight points at you and mumbles some strange words.
The shard of ice misses you.
The deep elf knight hits your dryad with a +0 short sword.
Your dryad calls out to the forest.
Vines fly forth from the trees!
The deep elf knight hits your dryad with a +0 short sword!
The deep elf knight completely misses you.
Your dryad hits the deep elf knight.
The deep elf knight hits your dryad with a +0 short sword!
The deep elf knight casts a spell at you.
You block shard of ice... and reflect it back!
The shard of ice hits the deep elf knight!!
You kill the deep elf knight!
You claw the deep elf knight!
The deep elf knight is severely wounded.
The deep elf knight becomes momentarily stuck in the liquid earth.
The deep elf knight misses you.
Okay, then.
You feel yourself speed up.
The +2 morningstar of protection barely misses you.
The deep elf knight points at you and mumbles some strange words.
The shard of ice hits you!! You partially resist.
* * * LOW HITPOINT WARNING * * *
The +2 morningstar of protection hits you!!
You die...
Your body crumbles into a pile of gold.

##.♣......... ...
#......♣w..........
♣#..e..............
♣...R..............
♣#..........# #....
##.....♣..## ##...
♣...e.....# #....
##♣.......## ##...
#♣8($.......###....
#.e.....♣..........
♣#......♣..........
#..................
##.................
##................
##...#............
##.).###...........
#...## #.........#


You could see 2 deep elf knights and a +2 morningstar of protection.

Vanquished Creatures
  A tentacled monstrosity (Swamp:4)
  Kirke (Lair:2)
  6 nagarajas (Snake:4)
  Louise (Swamp:4)
  3 very ugly things (Swamp:4)
  A dire elephant (Lair:5)
  5 bunyips
  An ettin (Vaults:1)
  2 green deaths (Swamp:4)
  Josephine (Orc:2)
  4 vault guards (D:13)
  2 ghost crabs
  14 hydras
  A peacekeeper (Vaults:1)
  7 centaur warriors
  A catoblepas (Lair:5)
  A demonspawn (Orc:2)
  2 two-headed ogres
  23 dancing weapons
  4 boulder beetles
  14 naga warriors
  3 alligators
  3 tengu warriors (D:15)
  6 anacondas
  3 death yaks (Lair:5)
  11 naga sharpshooters
  6 orc high priests (Orc:2)
  8 shock serpents
  Urug (Lair:3)
  Nergalle (D:12)
  7 skeletal warriors
  A skyshark (Lair:4)
  9 deep elf knights
  3 salamander mystics
  A spark wasp zombie (D:15)
  A deep troll (Vaults:1)
  A flayed ghost (D:15)
  2 goliath frogs
  4 spriggan druids
  A golden dragon zombie (D:15)
  7 deep elf archers
  A lindwurm (Lair:5)
  5 swamp dragons
  6 naga ritualists
  19 deep elf pyromancers
  8 bog bodies
  An ironbound convoker (Vaults:1)
  2 wizards
  A sphinx zombie (D:15)
  8 orc knights
  Pikel (D:9)
  25 deep elf zephyrmancers
  10 mana vipers
  2 wolf spiders
  A necromancer (D:15)
  A frost giant zombie (D:15)
  8 orc sorcerers
  5 cyclopes
  24 elephants
  15 ugly things
  6 salamanders
  A manticore (D:14)
  11 naga magi
  Joseph (D:7)
  3 guardian serpents
  32 black mambas
  A torpor snail (Lair:5)
  3 smoke demons
  2 molten gargoyles (Volcano)
  6 cane toads
  4 rime drakes
  A yaktaur (D:13)
  A yaktaur (shapeshifter) (D:10)
  A kobold demonologist (D:11)
  3 efreet
  A tengu conjurer (D:13)
  7 komodo dragons
  An ice devil (Orc:2)
  2 red devils
  7 trolls
  A polar bear (Lair:1)
  10 tyrant leeches
  A polar bear (shapeshifter) (Elf:1)
  4 hornets
  6 blink frogs (Lair:5)
  15 dream sheep
  10 slime creatures (Swamp:4)
  5 spriggans
  A ynoxinul (Orc:2)
  4 water elementals
  21 yaks
  6 wraiths
  5 wyverns
  6 shadows
  3 fire elementals
  A basilisk (shapeshifter) (D:15)
  5 hogs (Lair:3)
  5 basilisks
  5 fire bats
  2 neqoxecs (Orc:2)
  A human (D:13)
  10 vampire mosquitoes
  A warg (Orc:2)
  15 swamp worms
  An acid dragon (D:11)
  56 nagas
  12 water moccasins
  3 hell hounds (Volcano)
  33 orc warriors
  3 ice beasts
  2 swamp drakes
  21 wolves
  4 boggarts (D:14)
  4 ogres
  13 centaurs
  2 phantoms (D:4)
  A lemure (D:9)
  A kobold brigand (D:8)
  2 gnoll sergeants
  8 bullfrogs
  An earth elemental (Elf:2)
  4 scorpions
  8 wights
  6 killer bees
  A nameless horror (Swamp:2)
  6 electric eels
  8 howler monkeys
  8 lava snakes (Volcano)
  7 jellies
  26 orc priests
  A gnoll bouda (D:5)
  2 hounds
  Crazy Yiuf (D:2)
  6 iguanas
  Natasha (thrice) (D:3)
  18 orc wizards
  A centaur simulacrum (D:9)
  8 adders
  21 gnolls
  A white imp (D:8)
  3 worms
  3 dart slugs
  52 orcs
  9 bats
  15 endoplasms
  5 giant cockroaches
  9 goblins
  A hobgoblin (D:3)
  11 kobolds
  2 quokkas
  5 ball pythons
  2 frilled lizards
  3 rats
977 creatures vanquished.

Vanquished Creatures (collateral kills)
  A deep elf annihilator (Elf:1)
  A bunyip (Swamp:3)
  A ghost crab (Swamp:2)
  3 merfolk avatars (Swamp:4)
  A salamander tyrant (Snake:4)
  An anaconda (Snake:4)
  2 dancing weapons
  2 naga warriors (Snake:4)
  A naga sharpshooter (Snake:4)
  2 goliath frogs
  2 swamp dragons (Swamp:4)
  4 bog bodies
  A deep elf archer (Elf:1)
  2 deep elf zephyrmancers (Elf:1)
  3 salamanders (Snake:4)
  A black mamba (Snake:4)
  A large abomination (Swamp:4)
  2 naga magi (Snake:4)
  2 orange demons (Swamp:4)
  2 hornets (Swamp:3)
  A tyrant leech (Swamp:2)
  A spriggan (Swamp:3)
  A shadow (Swamp:4)
  A swamp worm (Swamp:4)
  8 nagas
  An earth elemental (Elf:1)
48 creatures vanquished.

Vanquished Creatures (others)
  2 deep elf knights (Elf:1)
  A deep elf pyromancer (Elf:1)
  A bloated husk (Swamp:4)
  A water elemental (D:14)
  18 snaplasher vines
23 creatures vanquished.

Grand Total: 1048 creatures vanquished

Notes
Turn   | Place    | Note
-------+----------+-------------------------------------------
     0 | D:1      | spardeous the Felid Earth Elementalist began the quest for
                  | the Orb.
     0 | D:1      | Reached XP level 1. HP: 7/7 MP: 4/4
    63 | D:2      | Reached skill level 3 in Earth Magic
   142 | D:3      | Reached XP level 2. HP: 11/11 MP: 3/6
   277 | D:3      | Noticed Natasha
   282 | D:3      | Killed Natasha
   283 | D:3      | Reached skill level 4 in Earth Magic
   283 | D:3      | Reached XP level 3. HP: 14/14 MP: 4/7
   440 | D:3      | Noticed Natasha
   443 | D:3      | Killed Natasha
   444 | D:3      | Reached XP level 4. HP: 18/18 MP: 5/8
   511 | D:3      | Found Docismix's Jewellery Shop.
   596 | D:4      | Reached skill level 5 in Earth Magic
   784 | D:4      | Reached XP level 5. HP: 18/21 MP: 5/9
   826 | D:5      | Entered Level 5 of the Dungeon
   954 | D:4      | Noticed a phantom
   964 | D:4      | Killed a phantom
   965 | D:4      | Reached skill level 5 in Dodging
  1007 | D:4      | Noticed a phantom
  1037 | D:4      | Killed a phantom
  1038 | D:4      | Gained mutation: You are covered in thick fur. (AC +2)
                  | [Felid growth]
  1038 | D:4      | Reached XP level 6. HP: 20/24 MP: 2/10
  1293 | D:5      | Found Toxaw's Book Shoppe.
  1511 | D:5      | Learned a level 3 spell: Stone Arrow
  1899 | D:5      | Reached XP level 7. HP: 27/27 MP: 4/11
  2074 | D:5      | Found a burning altar of Makhleb.
  2091 | D:5      | HP: 1/27 [poisoned by a water moccasin]
  2344 | D:5      | Reached skill level 1 in Conjurations
  2344 | D:5      | Reached skill level 6 in Earth Magic
  2660 | D:5      | Reached XP level 8. HP: 28/31 MP: 6/12
  3457 | D:6      | Found a staircase to the Ecumenical Temple.
  3484 | Temple   | Entered the Ecumenical Temple
  3647 | Temple   | Became a worshipper of Gozag Ym Sagoz the Greedy
  3829 | D:6      | Reached skill level 7 in Earth Magic
  5229 | D:3      | Noticed Natasha
  5232 | D:3      | Killed Natasha
  6188 | D:2      | Found a runed translucent door.
  6189 | D:2      | Noticed Crazy Yiuf
  6310 | D:2      | Killed Crazy Yiuf
  7960 | D:7      | Reached skill level 5 in Conjurations
  7964 | D:7      | Reached skill level 8 in Earth Magic
  8024 | D:7      | Reached XP level 9. HP: 32/34 MP: 1/13
  8284 | D:7      | Noticed Joseph
  8837 | D:7      | You fall into a shaft and drop 1 floor!
  8860 | D:8      | Learned a level 4 spell: Petrify
  9568 | D:8      | Reached skill level 9 in Earth Magic
 10045 | D:9      | Noticed a cyclops
 10085 | D:9      | Noticed Pikel
 10143 | D:9      | Killed Pikel
 10581 | D:9      | Killed a cyclops
 10582 | D:9      | Reached skill level 10 in Dodging
 10582 | D:9      | Reached XP level 10. HP: 37/37 MP: 1/14
 11397 | D:9      | Noticed a deep elf pyromancer
 11413 | D:9      | Killed a deep elf pyromancer
 11512 | D:9      | Identified the +1 pair of boots of the Vacuum {Will+ rCorr
                  | Str+3}
 11548 | D:10     | Entered Level 10 of the Dungeon
 11563 | D:10     | Reached skill level 10 in Earth Magic
 12066 | D:10     | Noticed a two-headed ogre
 12080 | D:10     | Killed a two-headed ogre
 12081 | D:10     | Reached skill level 5 in Spellcasting
 13127 | D:11     | Identified the +8 spear "Gushileu" {flame, Will++ Dex-2}
 13289 | D:11     | Reached XP level 11. HP: 40/40 MP: 4/22
 13647 | D:11     | Reached skill level 1 in Fighting
 14418 | D:11     | Found a staircase to the Lair.
 14851 | D:11     | Found a staircase to the Orcish Mines.
 14863 | D:11     | Found Gulua's Weapon Emporium.
 15112 | D:11     | Found Hausies's Specific Store.
 15114 | D:11     | Found Muzo Mox's General Store.
 15391 | Lair:1   | Entered Level 1 of the Lair of Beasts
 16266 | Lair:1   | Reached skill level 5 in Transmutations
 16956 | Lair:1   | Bought a book of Sloth for 432 gold pieces
 16964 | Lair:1   | Learned a level 7 spell: Storm Form
 17048 | Lair:2   | Noticed a boulder beetle
 17077 | Lair:2   | Learned a level 6 spell: Statue Form
 17354 | Lair:2   | Reached skill level 1 in Unarmed Combat
 17552 | Lair:2   | Identified the +4 scale mail "Utear" {Dex-2 Slay+4}
 17956 | Lair:2   | Found a staircase to the Swamp.
 18179 | Lair:2   | Gained mutation: Your thick and shaggy fur keeps you warm.
                  | (AC +3, rC+) [Felid growth]
 18179 | Lair:2   | Reached XP level 12. HP: 42/48 MP: 2/24
 19122 | Lair:2   | Killed a boulder beetle
 19537 | D:7      | Killed Joseph
 21059 | Lair:3   | Noticed Kirke
 21386 | Lair:2   | Noticed a sphinx
 21507 | Lair:2   | Noticed a sphinx
 21509 | Lair:2   | Killed Kirke
 21604 | Lair:3   | Found a staircase to the Snake Pit.
 21819 | Lair:3   | Noticed Urug
 21834 | Lair:3   | Killed Urug
 23436 | Lair:4   | Noticed an eight-headed hydra
 23452 | Lair:4   | Killed an eight-headed hydra
 23676 | Lair:4   | Found a staircase to the Slime Pits.
 23678 | Lair:4   | Found a viscous altar of Jiyva.
 23772 | Lair:4   | Noticed a four-headed hydra
 23784 | Lair:4   | Killed a four-headed hydra
 23846 | Lair:4   | Found a runed translucent gate.
 23846 | Lair:4   | Noticed a nine-headed hydra
 23847 | Lair:4   | Found a runed translucent gate.
 23847 | Lair:4   | Noticed a 14-headed hydra
 23848 | Lair:4   | Found a runed translucent gate.
 23848 | Lair:4   | Noticed Ruwaz's ghost (journeyman SpRe)
 24158 | Lair:4   | Reached skill level 15 in Dodging
 24335 | Lair:4   | Noticed a six-headed hydra
 24352 | Lair:4   | Killed a six-headed hydra
 24460 | Lair:4   | Reached XP level 13. HP: 52/52 MP: 15/25
 25866 | Lair:1   | Bought a scroll of identify for 28 gold pieces
 25866 | Lair:1   | Bought a scroll of identify for 28 gold pieces
 25866 | Lair:1   | Bought a scroll of identify for 28 gold pieces
 25866 | Lair:1   | Bought a scroll of identify for 28 gold pieces
 25870 | Lair:1   | Reached skill level 5 in Stealth
 25870 | Lair:1   | Reached XP level 14. HP: 60/60 MP: 26/28
 25872 | Lair:1   | Bought a scroll of identify for 30 gold pieces
 25872 | Lair:1   | Bought a scroll of identify for 30 gold pieces
 25874 | Lair:1   | Gained mutation: You possess an exceptional clarity of
                  | mind. [potion of mutation]
 25874 | Lair:1   | Gained mutation: Your mind is acute. (Int +4, Str/Dex -1)
                  | [potion of mutation]
 26010 | Lair:5   | Entered Level 5 of the Lair of Beasts
 26328 | Lair:5   | Found a dark tunnel.
 26338 | Volcano  | Entered a volcano
 26754 | Volcano  | Found a radiant altar of Vehumet.
 27002 | Volcano  | Reached skill level 10 in Spellcasting
 27330 | Lair:5   | Noticed monsoonserge's ghost (journeyman MeFi)
 27379 | Lair:5   | Found a transporter.
 27385 | Lair:5   | Found a transporter.
 30021 | Orc:1    | Entered Level 1 of the Orcish Mines
 30731 | Orc:1    | Found Egha Jia's Jewellery Emporium.
 30988 | Orc:2    | Entered Level 2 of the Orcish Mines
 30988 | Orc:2    | Found Adesonn's Jewellery Boutique.
 31306 | Orc:2    | Noticed Josephine
 31337 | Orc:2    | Killed Josephine
 31698 | Orc:2    | Found a staircase to the Elven Halls.
 31873 | Orc:2    | Reached skill level 10 in Conjurations
 32119 | Orc:2    | Reached skill level 10 in Fighting
 32119 | Orc:2    | Reached skill level 10 in Transmutations
 32294 | Lair:1   | Bought a book of Cantrips for 144 gold pieces
 32424 | Orc:2    | Learned a level 1 spell: Necrotise
 32593 | Orc:2    | Reached skill level 1 in Necromancy
 32839 | Orc:2    | Reached XP level 15. HP: 69/69 MP: 15/30
 33158 | Orc:2    | Found Mezxewka's General Store.
 33161 | Orc:2    | Found Nulask's Distillery.
 35272 | Orc:2    | Reached skill level 5 in Necromancy
 36642 | Orc:2    | Gained mutation: Your spells are a little easier to cast,
                  | but a little less powerful. [a neqoxec]
 36920 | Orc:2    | Found Wuyg's Jewellery Shop.
 36920 | Orc:2    | Found Teraahe's Antique Armour Boutique.
 36921 | Orc:2    | Found a one-way gate leading to the halls of Pandemonium.
 37447 | D:12     | Reached skill level 5 in Unarmed Combat
 37660 | D:12     | Found a burning altar of Makhleb.
 37853 | D:12     | Noticed Nergalle
 37862 | D:12     | Killed Nergalle
 40039 | D:13     | HP: 3/89 [wizard/fireball (40)]
 40337 | D:13     | Learned a level 4 spell: Leda's Liquefaction
 40765 | D:13     | Got Sif Muna's Treatise on Mutated Gusts
 40872 | Lair:1   | Bought a potion of heal wounds for 60 gold pieces
 40872 | Lair:1   | Bought a potion of mutation for 96 gold pieces
 40963 | D:13     | Found a gate to the Vaults.
 41360 | D:14     | Found a portal to a secret trove of treasure.
 41974 | D:14     | Reached skill level 10 in Unarmed Combat
 43425 | D:14     | Reached skill level 11 in Earth Magic
 43425 | D:14     | Reached XP level 16. HP: 73/73 MP: 6/31
 43787 | D:15     | Entered Level 15 of the Dungeon
 45253 | D:15     | Found a staircase to the Depths.
 46572 | Snake:1  | Entered Level 1 of the Snake Pit
 46648 | Snake:1  | Found Godinadea's Assorted Antiques.
 46667 | Snake:1  | Bought a scroll labelled CEUTUQURPHUN for 30 gold pieces
 46667 | Snake:1  | Bought a scroll of blinking for 225 gold pieces
 51401 | Snake:2  | Found a bloodstained altar of Trog.
 51727 | Lair:1   | Bought a scroll of acquirement for 728 gold pieces
 51728 | Lair:1   | Acquired 843 gold pieces
 51807 | Swamp:1  | Entered Level 1 of the Swamp
 51880 | Swamp:1  | Got Sif Muna's Tome of the Torrid Mob
 51889 | Swamp:1  | Learned a level 5 spell: Summon Forest
 51895 | Swamp:1  | Learned a level 5 spell: Metabolic Englaciation
 51986 | Swamp:1  | Reached skill level 1 in Hexes
 52188 | Swamp:1  | Reached skill level 1 in Summonings
 53404 | Swamp:2  | Reached XP level 17. HP: 76/76 MP: 14/34
 53712 | Swamp:2  | Reached skill level 5 in Summonings
 54657 | Swamp:3  | HP: 2/76 [poison (poison gas)]
 55594 | Swamp:4  | Entered Level 4 of the Swamp
 56351 | Swamp:4  | Reached skill level 1 in Translocations
 56662 | Lair:1   | Bought 3 scrolls of acquirement for 2184 gold pieces
 56665 | Lair:1   | Acquired 426 gold pieces
 56669 | Lair:1   | Acquired 311 gold pieces
 56674 | Lair:1   | Acquired the Verses on the Chthonic Gestalt
 56830 | Swamp:4  | Noticed Louise
 56850 | Swamp:4  | Killed Louise
 56851 | Swamp:4  | Reached skill level 5 in Translocations
 58560 | Swamp:4  | Noticed a tentacled monstrosity
 58571 | Swamp:4  | Killed a tentacled monstrosity
 58943 | Swamp:4  | Reached skill level 12 in Earth Magic
 59153 | Swamp:4  | Got a decaying rune of Zot
 60006 | Lair:1   | Bought the ring "Loshrik" {Fly rF+ rC+ MP+9 Str+3} for 1082
                  | gold pieces
 61030 | Snake:3  | Reached skill level 13 in Earth Magic
 62485 | Snake:3  | Found Querpham's Jewellery Boutique.
 62485 | Snake:3  | Found Oroen's Book Shoppe.
 62496 | Snake:3  | Found Mugas's Book Shoppe.
 62672 | Snake:4  | Entered Level 4 of the Snake Pit
 63728 | Snake:4  | Reached XP level 18. HP: 80/80 MP: 35/35
 63931 | Snake:4  | Reached skill level 14 in Earth Magic
 65410 | Snake:4  | HP: 4/104 [constriction (4)]
 66101 | Snake:4  | Got a serpentine rune of Zot
 66745 | Snake:4  | Reached skill level 15 in Earth Magic
 66871 | Snake:4  | Slain by a nagaraja
 66872 | Snake:4  | Reached XP level 17. HP: -4/98 MP: 33/43
 67919 | Vaults:1 | Entered Level 1 of the Vaults
 67931 | Vaults:1 | Identified the ring "Emiyxaugaa" {Contam rC+++ Will++ AC+4
                  | SInv}
 67994 | Vaults:1 | Mangled by a phantasmal warrior
 67995 | Vaults:1 | Reached XP level 16. HP: -6/94 MP: 33/42
 68253 | Elf:1    | Entered Level 1 of the Elven Halls
 68712 | Elf:1    | Reached skill level 16 in Earth Magic
 69036 | Elf:1    | Got Jittyv's Papyrus of Helpful Hurting
 69480 | Elf:1    | Found Cewi's Magic Scroll Shoppe.
 69488 | Elf:1    | Bought a scroll of acquirement for 676 gold pieces
 69490 | Elf:1    | Acquired 1010 gold pieces
 69494 | Elf:1    | Bought a scroll of blinking for 97 gold pieces
 69497 | Elf:1    | Lost mutation: Your spells are a little easier to cast, but
                  | a little less powerful. [potion of mutation]
 69497 | Elf:1    | Lost mutation: Your mind is acute. (Int +4, Str/Dex -1)
                  | [potion of mutation]
 69497 | Elf:1    | Gained mutation: You expend magic power (3 MP) to
                  | strengthen your wands. [potion of mutation]
 69497 | Elf:1    | Gained mutation: Your spells are a little harder to cast,
                  | but a little more powerful. [potion of mutation]
 69498 | Elf:1    | Lost mutation: You expend magic power (3 MP) to strengthen
                  | your wands. [potion of mutation]
 69498 | Elf:1    | Lost mutation: You possess an exceptional clarity of mind.
                  | [potion of mutation]
 69498 | Elf:1    | Gained mutation: You expend magic power (3 MP) to
                  | strengthen your wands. [potion of mutation]
 69499 | Elf:1    | Lost mutation: You expend magic power (3 MP) to strengthen
                  | your wands. [potion of mutation]
 69499 | Elf:1    | Lost mutation: Your spells are a little harder to cast, but
                  | a little more powerful. [potion of mutation]
 69499 | Elf:1    | Gained mutation: You passively dampen the noise of your
                  | surroundings. [potion of mutation]
 69499 | Elf:1    | Gained mutation: You have a pair of small antennae on your
                  | head. [potion of mutation]
 69499 | Elf:1    | Gained mutation: You expend magic power (3 MP) to
                  | strengthen your wands. [potion of mutation]
 69500 | Elf:1    | Lost mutation: You passively dampen the noise of your
                  | surroundings. [potion of mutation]
 69500 | Elf:1    | Lost mutation: You expend magic power (3 MP) to strengthen
                  | your wands. [potion of mutation]
 69500 | Elf:1    | Gained mutation: You are frail. (-10% HP) [potion of
                  | mutation]
 69500 | Elf:1    | Gained mutation: You expend magic power (3 MP) to
                  | strengthen your wands. [potion of mutation]
 69501 | Elf:1    | Lost mutation: You are frail. (-10% HP) [potion of
                  | mutation]
 69501 | Elf:1    | Lost mutation: You expend magic power (3 MP) to strengthen
                  | your wands. [potion of mutation]
 69501 | Elf:1    | Gained mutation: Your flesh is cold resistant. (rC+)
                  | [potion of mutation]
 69501 | Elf:1    | Gained mutation: Your magical capacity is low. (-10% MP)
                  | [potion of mutation]
 69502 | Elf:1    | Lost mutation: Your flesh is cold resistant. (rC+) [potion
                  | of mutation]
 69502 | Elf:1    | Lost mutation: You have a pair of small antennae on your
                  | head. [potion of mutation]
 69502 | Elf:1    | Lost mutation: Your magical capacity is low. (-10% MP)
                  | [potion of mutation]
 69502 | Elf:1    | Gained mutation: You are resistant to electric shocks.
                  | (rElec) [potion of mutation]
 69502 | Elf:1    | Gained mutation: You are partially covered in iridescent
                  | scales. (AC +2) [potion of mutation]
 69502 | Elf:1    | Gained mutation: You expend magic power (3 MP) to
                  | strengthen your wands. [potion of mutation]
 70288 | Elf:2    | Reached skill level 17 in Earth Magic
 70432 | Elf:2    | Reached XP level 17. HP: 76/76 MP: 33/34
 70941 | Elf:2    | Found a shimmering blue altar of Sif Muna.
 71459 | Elf:2    | Found a runed translucent gate.
 71494 | Elf:2    | Found a runed translucent gate.
 71604 | Elf:2    | Found a runed translucent gate.
 71729 | Elf:2    | Learned a level 3 spell: Swiftness
 73624 | Elf:2    | Mangled by a +2 morningstar of protection

Illustrated notes

Levels and vault maps discovered:
D:1:      dpeg_arrival_arbitrary_c, layout_loops_ring
D:2:      cheibrodos_fertilizer, layout_rooms, minmay_hexomino_f4,
          uniq_crazy_yiuf_cottage
D:3:      layout_loops_cross, serial_shops, shop, hangedman_decor_growths,
          amcnicky_mini_corridor_feature, grunt_ministairs_2, uniq_natasha
D:4:      layout_basic
D:5:      layout_layer_cave, kennysheep_mini_moat, serial_shops, shop
D:6:      cheibrodos_helix_gallery, layout_basic, minmay_temple_entry_slanted
D:7:      layout_basic, uniq_joseph
D:8:      nicolae_hitomezashi [nicolae_hito_row, nicolae_hito_row,
          nicolae_hito_row, nicolae_hito_row, nicolae_hito_row,
          nicolae_hito_row, nicolae_hito_row, nicolae_hito_row,
          nicolae_hito_row, nicolae_hito_row, nicolae_hito_row,
          nicolae_hito_row, nicolae_hito_row, nicolae_hito_row,
          nicolae_hito_row, nicolae_hito_row, nicolae_hito_row,
          nicolae_hito_row], layout_loops_ring
D:9:      layout_loops_ring, minmay_diamond_spiral, uniq_pikel
D:10:     layout_loops_corners
D:11:     layout_basic, erik_lair_island, orc_david_3, nicolae_specific_store
D:12:     layout_basic, minivault_14, demons_altar, uniq_nergalle
D:13:     layout_cave_pools, grunt_vaults_entry_fortified,
          statue_in_the_mist_lemuel
D:14:     layout_loops_ring, minmay_crystal_water, enter_trove_1
D:15:     gammafunk_depths_entry_grave, layout_cave_pods, serial_bayou_ford_a,
          minmay_fountain_box
Temple:   roderic_octagonal_lattice_temple
Lair:1:   layout_long_grid, grunt_megastairs_1
Lair:2:   wad_woods_pond, layout_concentric_octagons,
          minmay_swamp_entry_reptiles
Lair:3:   layout_roguey, minmay_snake_entry_guardpost_small,
          chequers_serial_rivers_small_a, wad_woods_road_01, uniq_kirke,
          uniq_urug
Lair:4:   beast_lair_carwin_large_2, layout_layer_cave, slime_entry_1,
          gammafunk_ghost_hydra_chop
Lair:5:   hangedman_lair_in_review, layout_misc_corridors, gammafunk_ghost_hive,
          nicolae_volcano_entry_batcave
Swamp:1:  layout_basic_swamp, infiniplex_staircase_pool, swamp_pool1,
          grunt_hermit_hut
Swamp:2:  layout_basic_swamp, evilmike_swamp_ruin_house_2
Swamp:3:  layout_basic_swamp, nicolae_swamp_treefoil,
          infiniplex_staircase_pool_2
Swamp:4:  swamp_vile, layout_basic_swamp, grunt_lady_of_the_lake, uniq_louise
Snake:1:  layout_onion_interference, minmay_shop_grid_forest,
          nicolae_snake_coiling_death, serial_bayou_shore_b, grunt_megastairs_3
Snake:2:  layout_rooms, basic_altar, serial_bayou_shore_b
Snake:3:  layout_onion, grunt_megastairs_5, minmay_shop_grove
Snake:4:  minmay_snake_end_coiled, layout_onion
Orc:1:    layout_caves, serial_shops, nicolae_shop_pleasant_corner_grove
Orc:2:    pf_orc_diabolical, layout_diamond_mine, serial_shops, shop,
          uniq_josephine
Elf:1:    elf_arrival_002, layout_geoelf_octagon, serial_shops,
          nicolae_shop_advertising_works [nicolae_subvault_shop_adworks],
          minmay_elf_sorcery
Elf:2:    elven_hall_of_blades_hangedman_original [mumra_blade_entry_bloodbath],
          layout_loops_cross, basic_altar
Vaults:1: nicolae_vaults_wrenched, v_misc_24, nicolae_vaults_twisting_passages,
          nicolae_vaults_more_shelving_2, ontoclasm_vaults_gallery,
          nicolae_vaults_two_Ls, hangedman_vaults_trim,
          nicolae_vaults_windows_and_doors_thing, nicolae_vaults_trapezoid_1,
          vaults_room_fancy_cross, layout_vaults_omnicross, serial_glass

Skill      XL: |  1  2  3  4  5  6  7  8  9 10 11 12 13 14 15 16 17 18 |
---------------+-------------------------------------------------------+-----
Earth Magic    | 3 4 5 6 8 9 10 11 17 13 15 | 17.5
Dodging        | 3 5 7 8 10 15 16 | 16.0
Conjurations   | 2 5 7 8 9 10 | 10.0
Spellcasting   | 6 7 9 10 12 | 12.0
Fighting       | 3 6 10 | 10.8
Transmutations | 7 8 10 12 | 12.8
Unarmed Combat | 4 10 | 10.1
Stealth        | 5 |  5.5
Necromancy     | 1 7 |  7.4
Hexes          | 1 |  1.9
Summonings     | 4 8 |  8.0
Translocations | 6 |  6.0

Action                     |  1- 3 |  4- 6 |  7- 9 | 10-12 | 13-15 | 16-18 || total
---------------------------+-------+-------+-------+-------+-------+-------++-------
  Melee: Unarmed           |       |       |     9 |    59 |   142 |  1012 ||  1222
         Bite              |       |       |     1 |    12 |    29 |   184 ||   226
         Punch             |       |       |       |     2 |    12 |    93 ||   107
   Cast: Sandblast         |    21 |    69 |   184 |   110 |   211 |    33 ||   628
         Stone Arrow       |       |       |    60 |   282 |   541 |   547 ||  1430
         Petrify           |       |       |       |    16 |     8 |     9 ||    33
         Statue Form       |       |       |       |     7 |    33 |   180 ||   220
         Leda's Liquefacti |       |       |       |       |     3 |   110 ||   113
         Summon Forest     |       |       |       |       |       |    67 ||    67
         Swiftness         |       |       |       |       |       |     1 ||     1
 Invoke: Call Merchant     |       |       |       |     2 |     3 |     2 ||     7
         Potion Petition   |       |       |       |       |     1 |       ||     1
Ability: End Transformatio |       |       |       |       |     5 |     1 ||     6
  Evoke: Wand              |       |       |     2 |       |       |     1 ||     3
    Use: Scroll            |       |       |     8 |     7 |    15 |     9 ||    39
         Potion            |       |       |     4 |       |     7 |    21 ||    32
   Stab: Sleeping          |       |       |     1 |       |       |       ||     1
         Petrified         |       |       |       |    13 |     6 |     6 ||    25
         Petrifying        |       |       |       |     1 |     2 |     3 ||     6
         Distracted        |       |       |       |       |     1 |    15 ||    16
 Armour: Skin              |     1 |     4 |     2 |    14 |    75 |   431 ||   527
  Dodge: Dodged            |     8 |    21 |    86 |   204 |   697 |  2088 ||  3104
  Block: Other             |       |       |    10 |    50 |   155 |   406 ||   621
         Reflection        |       |       |     1 |     3 |    41 |    57 ||   102
